 Dungeon Crawl Stone Soup version 0.31-a0-321-g19405a7a6a (webtiles) character file.

Game seed: 13021865821053624093

459 LeprechaunX the Changeling (level 7, 0/69 HPs)
             Began as an Octopode Shapeshifter on July 18, 2023.
             Was an Initiate of Cheibriados.
             Slain by a gnoll
             ... wielding a +0 spear
             ... led by a gnoll bouda
              (3 damage)
             ... on level 4 of the Dungeon.
             The game lasted 00:06:40 (3082 turns).

LeprechaunX the Changeling (Octopode Shapeshifter)  Turns: 3082, Time: 00:06:41

Health: 0/69       AC: 23    Str: 17    XL:     7   Next: 6%
Magic:  7/7        EV:  2    Int: 12    God:    Cheibriados [......]
Gold:   136        SH:  0    Dex: 19    Spells: 6/6 levels left

rFire   . .          .
                       - Unarmed
rCold   . . .        (no shield)
rNeg    . . .        (helmet currently unavailable)
rPois   +            (no amulet)
rElec   .            d - ring of poison resistance
rCorr   .            m - +6 ring of dexterity
SInv    .            (no ring)
Will    .....        (no ring)
Stlth   ++           (no ring)
HPRegen 0.31/turn    (no ring)
MPRegen 0.10/turn    (no ring)
                     (no ring)

%: no passive effects
@: tree-form, very slow
A: stationary, stasis, torment immunity, boosted hp, almost no armour,
(amphibious), 8 rings, (camouflage 1), (gelatinous body 1), (nimble swimmer 1),
(tentacles)
a: Renounce Religion


You were on level 4 of the Dungeon.
You worshipped Cheibriados.
Cheibriados was noncommittal.
You were a tree.
You visited 1 branch of the dungeon, and saw 4 of its levels.
You also visited: Sewer.

You collected 136 gold pieces.

Inventory:

Missiles
 o - 8 poisoned darts
Jewellery
 d - a ring of poison resistance (left branch)
 m - a +6 ring of dexterity (right branch)
Talismans
 b - a beast talisman
 s - a serpent talisman
Scrolls
 c - 2 scrolls of vulnerability {unknown}
 e - 2 scrolls of amnesia {unknown}
 f - a scroll of summoning {unknown}
 g - 2 scrolls of blinking {unknown}
 h - 3 scrolls of identify {unknown}
 i - 4 scrolls of teleportation {unknown}
 j - a scroll of enchant armour {unknown}
 k - a scroll of noise {unknown}
 q - a scroll of torment {unknown}
Potions
 a - 2 potions of lignification
 l - a potion of curing {unknown}
 n - 3 potions of attraction {unknown}
 p - 2 potions of cancellation {unknown}
 r - a potion of heal wounds {unknown}


   Skills:
 + Level 3.4 Fighting
 + Level 3.4 Dodging
 + Level 4.3 Unarmed Combat
 * Level 4.6 Shapeshifting


You had 6 spell levels left.
You didn't know any spells.
Your spell library was empty.

Dungeon Overview and Level Annotations

Branches:
Dungeon (4/15)              Sewer (visited)
 Temple: D:4-7

Altars:
Cheibriados
Fedhas
Kikubaaqudgha
Uskayaw
Vehumet
Wu Jian
Yredelemnul

Annotations:
D:2 Sigmund


Innate Abilities, Weirdness & Mutations

You are a tree.
Your roots penetrate the ground, keeping you stationary.
You cannot be teleported.
You are immune to unholy pain and torment.
Your maximum health is greatly increased.
You cannot wear most types of armour.
((You are amphibious.))
You can wear up to eight rings at the same time.
((Your skin changes colour to match your surroundings (Stealth+).))
((Your rubbery body absorbs attacks. (AC +1, EV +1)))
((You are camouflaged when in or above water. (Stealth+)))
((You have tentacles for arms and can constrict up to eight enemies at once.))


Message History

The gnoll hits you but does no damage.
Unknown command.
You hit the gnoll bouda but do no damage.
The gnoll hits you but does no damage.
You hit the gnoll bouda but do no damage.
The gnoll hits you but does no damage.
The gnoll bouda hits you with a +0 club.
* * * LOW HITPOINT WARNING * * *
The gnoll hits you but does no damage. x2
You closely miss the gnoll bouda.
The gnoll hits you but does no damage. x3
You hit the gnoll bouda.
The gnoll bouda is lightly wounded.
Your attacks no longer feel as feeble.
The gnoll hits you but does no damage.
The gnoll bouda hits you but does no damage.
The gnoll hits you but does no damage.
You hit the gnoll bouda.
The gnoll bouda is moderately wounded.
The gnoll is no longer moving quickly.
The gnoll barely misses you.
The gnoll hits you with a +2 flail of protection.
* * * LOW HITPOINT WARNING * * *
You hit the gnoll bouda.
The gnoll bouda is moderately wounded.
The gnoll hits you but does no damage.
The gnoll bouda hits you but does no damage.
The gnoll hits you but does no damage.
You hit the gnoll bouda. Your punch misses the gnoll bouda.
The gnoll bouda is heavily wounded.
The gnoll is no longer moving quickly. x2
The gnoll hits you with a +2 flail of protection.
* * * LOW HITPOINT WARNING * * *
The gnoll bouda hits you but does no damage.
The gnoll completely misses you. The gnoll hits you but does no damage.
You hit the gnoll but do no damage.
The gnoll is lightly wounded.
The gnoll hits you but does no damage.
The gnoll bouda calls upon its god to heal the gnoll.
The gnoll's wounds heal themselves!
The gnoll hits you from afar with a +0 spear.
You die...

##.# #######.# #.##
####......
##.########.........
#......#...........
#..................
##.###..............
#..# #......)......
#..# ###g..).......
##.#######♣'g######..
#..##...'..gg('...#
#..##._.'.###.'._.#
#.###...'.....'...#
##.# ######'''######
##..# #......#
#####...#####.######
......#..##†..#
########..#.###


You could see a gnoll bouda and 3 gnolls.

Vanquished Creatures
  Pargi (Sewer)
  2 ogres (D:4)
  2 hounds
  Jessica (D:2)
  3 adders
  A gnoll (D:2)
  A worm (D:3)
  A dart slug (D:2)
  2 orcs (D:3)
  8 ball pythons
  5 endoplasms
  6 giant cockroaches
  6 goblins
  9 hobgoblins
  5 quokkas
  4 bats
  2 frilled lizards (Sewer)
  3 kobolds
  5 rats
67 creatures vanquished.

Notes
Turn   | Place    | Note
-------+----------+-------------------------------------------
     0 | D:1      | LeprechaunX the Octopode Shapeshifter began the quest for
                  | the Orb.
     0 | D:1      | Reached XP level 1. HP: 14/14 MP: 1/1
   178 | D:1      | Reached XP level 2. HP: 19/19 MP: 2/2
   855 | D:2      | Found a hide-covered altar of Uskayaw.
   985 | D:2      | Noticed Jessica
   990 | D:2      | Killed Jessica
   991 | D:2      | Reached XP level 3. HP: 25/25 MP: 3/3
  1104 | D:2      | Noticed Sigmund
  1137 | D:2      | Reached XP level 4. HP: 30/30 MP: 4/4
  1375 | D:2      | HP: 1/30 [gnoll/+0 spear (7)]
  1632 | D:3      | Found a glowing drain.
  1658 | Sewer    | Entered a sewer
  1683 | Sewer    | Noticed Pargi
  1742 | Sewer    | Reached XP level 5. HP: 32/35 MP: 5/5
  1798 | Sewer    | Killed Pargi
  1944 | D:3      | Found an ancient bone altar of Kikubaaqudgha.
  1945 | D:3      | Found a basalt altar of Yredelemnul.
  1954 | D:3      | Found a snail-covered altar of Cheibriados.
  1977 | D:3      | Found a radiant altar of Vehumet.
  2235 | D:3      | Reached XP level 6. HP: 24/42 MP: 6/6
  2557 | D:3      | Found a faded altar of an unknown god.
  2717 | D:3      | Became a worshipper of Cheibriados the Contemplative
  2945 | D:4      | Found a blossoming altar of Fedhas.
  2958 | D:4      | Reached XP level 7. HP: 18/46 MP: 7/7
  3064 | D:4      | Found an ornate altar of the Wu Jian Council.
  3081 | D:4      | HP: 2/69 [gnoll/+2 flail of protection[a gnoll bouda] (2)]
  3082 | D:4      | Slain by a gnoll

Illustrated notes

Levels and vault maps discovered:
D:1:      dpeg_arrival_three_bigger_balls, layout_basic
D:2:      layout_basic, basic_altar, uniq_jessica, uniq_sigmund
D:3:      layout_basic, nicolae_overflow_macrodata_refinement,
          gup_sewer_entry_glass, shapermc_ecumenical_altar_mp_vishouse
D:4:      layout_cave_pods, mainiacjoe_overflow_big_doors

Skill      XL: |  1  2  3  4  5  6 |
---------------+-------------------+-----
Unarmed Combat | 3 4 |  4.3
Shapeshifting  | 4 |  4.6
Dodging        | 3 |  3.4
Fighting       | 3 |  3.4

Action                     |  1- 3 |  4- 6 |  7- 9 || total
---------------------------+-------+-------+-------++-------
  Melee: Unarmed           |    43 |    85 |    15 ||   143
         Constrict         |    17 |    19 |     3 ||    39
         Tentacles         |     9 |    14 |     3 ||    26
         Punch             |     2 |     5 |     1 ||     8
    Use: Potion            |       |     1 |     1 ||     2
   Stab: Sleeping          |     5 |    14 |       ||    19
 Armour: Skin              |     3 |     6 |    19 ||    28
  Dodge: Dodged            |    16 |    40 |     9 ||    65

Table legend: (Time is in decaauts)
 A = Elapsed time spent in this place.
 B = Non-inter-level travel time spent in this place.
 C = Inter-level travel time spent in this place.
 D = Time resting spent in this place.
 E = Time spent auto-exploring this place.
 F = Levels seen in this place.
 G = Mean time per level.
                   A        B        C        D        E       F      G
               +--------+--------+--------+--------+--------+-----+--------+
         Total |   3121 |   2820 |    301 |    172 |   2002 |   5 |  624.2 |
       Dungeon |   2975 |   2674 |    301 |    172 |   2002 |   4 |  743.8 |
         Sewer |    145 |    145 |      0 |      0 |      0 |   1 |  145.0 |
               +--------+--------+--------+--------+--------+-----+--------+

Top non-repeatable levels by time:
     D:3: 1226 daAuts
     D:1: 816 daAuts
     D:2: 590 daAuts
     D:4: 342 daAuts
   Sewer: 145 daAuts
